 Dungeon Crawl Stone Soup version 0.30-a0-953-g5f1da4a474 (webtiles) character file.

Game seed: 11282731537182776638

45604 Firecrotchwizard the Warrior (level 14, -3/104 HPs)
             Began as a Djinni Fire Elementalist on Mar 29, 2023.
             Was an Elder of Hepliaklqana.
             Killed from afar by a manticore (11 damage)
             ... with a volley of spikes
             ... on level 1 of the Shoals.
             The game lasted 01:10:07 (18321 turns).

Firecrotchwizard the Warrior (DjFE)                Turns: 18321, Time: 01:10:07

Health: -3/104     AC: 11    Str:  7    XL:     14   Next: 72%
Gold:   1479       EV: 16    Int: 20    God:    Hepliaklqana [****..] SH: 10 Dex: 16

rFire   + + +      SeeInvis +    c - staff of fire {rF+}
rCold   . . .      Faith    .    V - +0 buckler
rNeg    + . .      Spirit   .    R - +2 robe {Will+}
rPois   ∞          Reflect  +    f - +2 helmet {SInv}
rElec   .          Rampage  .    p - +2 cloak
rCorr   .                        u - +0 pair of gloves "Tybran" {rF+}
Will    ++...                    (boots unavailable)
Stlth   ++                       F - amulet of reflection
HPRegen 0.37/turn                C - ring of protection from cold {rC+, !d}
MPRegen 0.00/turn                w - ring of positive energy {rN+}

@: spiked, flying, studying Armour
A: reduced essence, sickness immunity, fire resistance 2, cold vulnerability 1,
float, innate caster, HP casting, extra vitality 1
a: Renounce Religion, Recall Ancestor, Ancestor Identity, Transference, Idealise


You were on level 1 of the Shoals.
You worshipped Hepliaklqana.
Hepliaklqana was greatly pleased with you.
You visited 5 branches of the dungeon, and saw 19 of its levels.

You collected 1710 gold pieces.
You spent 231 gold pieces at shops.

Inventory:

Hand Weapons
 k - a +4 trident of freezing
   (You took it off a wight on level 10 of the Dungeon)
 n - a +1 dagger of venom
   (You took it off Jessica on level 3 of the Dungeon)
 x - a +0 dagger of holy wrath
   (You took it off an orc on level 4 of the Dungeon)
 y - a +3 whip of electrocution
   (You took it off a kobold on level 4 of the Dungeon)
Missiles
 a - 3 javelins
 b - 11 boomerangs
 s - 147 stones (quivered)
 v - 17 poisoned darts
 Q - 2 throwing nets {!d}
Armour
 f - a +2 helmet of see invisible (worn)
   (You bought it in a shop on level 1 of the Dungeon)
 p - a +2 cloak (worn)
   (You found it on level 3 of the Dungeon)
 u - the +0 pair of gloves "Tybran" (worn) {rF+}
   (You found it on level 3 of the Dungeon)

   rF:        It protects you from fire.
 I - a +0 troll leather armour
   (You found it on level 10 of the Dungeon)
 R - a +2 robe of willpower (worn)
   (You found it on level 4 of the Lair of Beasts)
 T - a +2 robe of the Archmagi
   (You took it off an orc wizard on level 2 of the Orcish Mines)
 V - a +0 buckler (worn)
   (You found it on level 10 of the Dungeon)
Magical Staves
 c - a staff of fire (weapon) {rF+}
   (You acquired it on level 5 of the Dungeon)
 S - a staff of death {rN+}
   (You found it on level 5 of the Lair of Beasts)
Jewellery
 w - a ring of positive energy (right hand) {rN+}
   (You found it on level 8 of the Dungeon)
 C - a ring of protection from cold (left hand) {rC+, !d}
   (You found it on level 2 of the Dungeon)
 F - an amulet of reflection (around neck)
   (You found it on level 9 of the Dungeon)
 N - a ring of positive energy {rN+}
   (You found it on level 5 of the Lair of Beasts)
Wands
 d - a wand of digging (2)
   (You found it on level 5 of the Dungeon)
 e - a wand of charming (7)
   (You found it on level 4 of the Dungeon)
 i - a wand of iceblast (3)
   (You found it on level 3 of the Dungeon)
 j - a wand of polymorph (8)
   (You found it on level 10 of the Dungeon)
 q - a wand of flame (32)
   (You found it on level 6 of the Dungeon)
 B - a wand of light (14)
   (You found it on level 8 of the Dungeon)
Scrolls
 h - 10 scrolls of identify {@r1}
 r - 3 scrolls of brand weapon
 D - 2 scrolls of blinking {!r}
 E - a scroll of fear
 H - 2 scrolls of enchant armour
 K - 5 scrolls of immolation {!r}
 L - 2 scrolls of poison
 M - a scroll of torment {!r}
 O - a scroll of silence
 X - a scroll of magic mapping {@r4!r}
 Y - 4 scrolls of teleportation {@r3}
Potions
 g - 4 potions of haste {unknown}
 l - 2 potions of attraction {unknown}
 o - 3 potions of invisibility {unknown}
 t - 2 potions of cancellation {unknown}
 z - 4 potions of brilliance {unknown}
 A - 2 potions of lignification {unknown}
 G - 3 potions of resistance {unknown}
 J - 7 potions of curing {@q1}
 P - a potion of magic {unknown}
 U - 3 potions of mutation {!q}
Miscellaneous
 m - a phantom mirror
   (You found it on level 2 of the Lair of Beasts)


   Skills:
 + Level 16.3 Fighting
 - Level 4.3 Armour
 - Level 8.7 Dodging
 - Level 1.5 Stealth
 + Level 2.7 Shields
 - Level 8.6 Spellcasting
 + Level 12.4 Invocations


You knew the following spells:

 Your Spells              Type           Power      Damage    Failure   Level
a - Foxfire               Conj/Fire      100%       2x1d6     1%          1
b - Scorch                Fire           100%       2d10      1%          2
c - Kindle Blastsparks    Fire/Tloc/Air  100%       2d18      1%          3
d - Inner Flame           Hex/Fire       60%        N/A       1%          3
e - Flame Wave            Conj/Fire      60%        2d14      3%          4
f - Magic Dart            Conj           100%       1d8       1%          1
g - Blink                 Tloc           86%        N/A       1%          2
h - Frozen Ramparts       Ice            86%        1d13      1%          3
i - Ignite Poison         Fire/Tmut/Pois 60%        N/A       1%          3
j - Animate Armour        Summ/Erth      86%        N/A       3%          4
z - Iskenderun's Battles  Conj           43%        2d9       9%          5
Your spell library was empty.

Dungeon Overview and Level Annotations

Branches:
Dungeon (10/15)            Temple (1/1) D:4            Lair (5/5) D:10
 Shoals (1/4) Lair:2        Snake (0/4) Lair:2        Slime (0/5) Lair:4
    Orc (2/2) D:10            Elf (0/3) Orc:2

Altars:
Ashenzari
Cheibriados
Dithmenos
Elyvilon
Fedhas
Gozag
Hepliaklqana
Makhleb
Nemelex Xobeh
Okawaru
Qazlal
Ru
Trog
Uskayaw
Wu Jian
Xom
Yredelemnul
Zin
The Shining One
Jiyva

Shops:
D:1 [   D:10 *

Annotations:
D:3 2 transporters
D:5 2 transporters, hgbash's ghost, novice OpCj
D:9 exclusion: 2 doors
Lair:5 1 runed translucent door
Orc:2 1 runed translucent door, Donald


Innate Abilities, Weirdness & Mutations

Your life essence is reduced to manifest your ancestor. (-10% HP)
You are immune to sickness and miasma.
You are immune to poison.
Your flesh is very heat resistant. (rF++)
You are vulnerable to cold. (rC-)
You float through the air rather than walking.
You learn spells naturally, not from books.
Your magical power is your life essence.
You have superior vitality. (+4 MHP)


Message History

The harpy moves out of view.
There is a staircase back to the Lair here.
You see here a scroll of identify {@r1}.
You feel a surge of power!
You conjure some foxfire!
You feel a surge of power!
Flames lash the anaconda.
The anaconda's fire resistance burns away.
Bojana completely misses the anaconda.
You take 2 damage, and have 102/104 hp.
You feel a surge of power!
Flames lash the anaconda.
The anaconda is burned terribly!
The anaconda grabs you. You block the anaconda's attack.
The anaconda constricts you.
The anaconda bites you but does no damage.
The anaconda constricts you.
Bojana hits the anaconda with a +0 flail!
You take 4 damage, and have 98/104 hp.
You feel a surge of power!
Flames lash the anaconda.
The anaconda is burned terribly!
You block the anaconda's attack. The anaconda constricts you.
The anaconda bites you! The anaconda constricts you.
You take 18 damage, and have 80/104 hp.
You feel a surge of power!
Flames lash the snapping turtle.
The snapping turtle's fire resistance burns away.
The anaconda closely misses you. The anaconda constricts you.
The anaconda bites you. The anaconda constricts you.
You take 9 damage, and have 71/104 hp.
You feel a surge of power!
You conjure some foxfire!
The foxfire hits the anaconda.
The anaconda is burned terribly!
The anaconda closely misses you. The anaconda constricts you.
Bojana hits the anaconda with a +0 flail!
You block the anaconda's attack. The anaconda constricts you.
The snapping turtle bites you but does no damage.
You take 6 damage, and have 65/104 hp.
You feel a surge of power!
Flames lash the anaconda.
The anaconda is burned terribly!
You kill the anaconda!
You block the snapping turtle's attack.
You take 1 damage, and have 64/104 hp.
You feel a surge of power!
You conjure some foxfire!
The snapping turtle closely misses you.
You take 1 damage, and have 63/104 hp.
You feel a surge of power!
Flames lash the snapping turtle.
The snapping turtle is burned terribly!
The foxfire hits the snapping turtle but does no damage. x2
Bojana hits the snapping turtle but does no damage.
You block the snapping turtle's attack.
You take 2 damage, and have 61/104 hp.
You feel a surge of power!
Flames lash the snapping turtle.
The snapping turtle is burned terribly!
The snapping turtle bites you from afar!
You take 15 damage, and have 46/104 hp.
You feel a surge of power!
Flames lash the snapping turtle.
Bojana hits the snapping turtle with a +0 flail.
The snapping turtle bites Bojana but does no damage.
You take 2 damage, and have 44/104 hp.
You feel a surge of power!
Flames lash the snapping turtle.
The snapping turtle is burned terribly!
You block the snapping turtle's attack.
Bojana hits the snapping turtle with a +0 flail.
The manticore flicks its tail.
The volley of spikes misses you.
You take 1 damage, and have 43/104 hp.
You feel a surge of power!
Flames lash the snapping turtle but do no damage.
You block the snapping turtle's attack.
The manticore flicks its tail.
The volley of spikes hits you.
The barbed spikes become lodged in your body.
You take 8 damage, and have 35/104 hp.
You feel a surge of power!
Flames lash the snapping turtle.
The snapping turtle is burned terribly!
Bojana completely misses the snapping turtle.
The snapping turtle bites you from afar!
* * * LOW HITPOINT WARNING * * *
You take 13 damage, and have 22/104 hp.
You feel a surge of power!
Flames lash the snapping turtle but do no damage.
* * * LOW HITPOINT WARNING * * *
The manticore flicks its tail.
The volley of spikes hits you.
The barbed spikes become lodged in your body.
* * * LOW HITPOINT WARNING * * *
The snapping turtle bites you from afar!
* * * LOW HITPOINT WARNING * * *
Bojana hits the snapping turtle with a +0 flail.
You take 13 damage, and have 9/104 hp.
Okay, then.
Aim: a snapping turtle (almost dead, more vulnerable to fire, ally target)
Okay, then.
Unknown command.
Okay, then.
Okay, then.
Aim: a snapping turtle (almost dead, more vulnerable to fire, ally target, 100% to hit)
Okay, then.
You feel a surge of power!
You conjure some foxfire!
* * * LOW HITPOINT WARNING * * *
The snapping turtle closely misses you.
The manticore flicks its tail.
The volley of spikes hits you!
The barbed spikes become lodged in your body.
You die...

..........8....~
~...................
~..................~~.
~.................~≈≈≈.
.~...............~≈≈≈~.~
......................~~~.
.###...$.....v..............~~~
.............†@....(.......~~~~
....?.......R?#v........~~~~~≈~
.............t#.....~~...~~~≈≈~
.....).......###...~~~...~~≈≈≈≈
..........H..##......~~~~~~≈≈≈≈
............###.....~~~~~~≈≈≈≈≈
....................~~~≈≈≈≈≈≈≈≈
.....≈≈≈...........~~~≈≈≈≈≈≈≈≈≈
....~≈m≈≈..).....~~......~~≈≈≈≈


You could see the friendly Bojana the knight, a snapping turtle (combustible,
ally target) and a manticore.

Vanquished Creatures
  An ettin (D:10)
  Erolcha (D:10)
  A catoblepas (Lair:5)
  3 hydras
  A centaur warrior (Shoals:1)
  An anaconda (Shoals:1)
  5 skysharks
  A sea snake (Shoals:1)
  A harpy (Shoals:1)
  4 lindwurms (Lair:5)
  An orc knight (Orc:2)
  2 oklob plants (Lair:1)
  A salamander (Lair:2)
  A faun (Shoals:1)
  2 orc sorcerers (Orc:2)
  2 merfolk sirens (Lair:2)
  2 black mambas
  9 elephants
  4 torpor snails (Lair:5)
  5 cane toads
  4 rime drakes
  A kobold demonologist (D:10)
  4 komodo dragons
  A troll (D:10)
  2 merfolk
  3 tyrant leeches (Lair:5)
  5 hornets (Lair:5)
  2 blink frogs (Lair:4)
  A polar bear (D:9)
  2 shadows (D:10)
  Sigmund (D:6)
  6 wyverns
  18 yaks
  A wraith (D:10)
  2 basilisks
  2 steam dragons
  A warg (Orc:2)
  7 water moccasins
  2 ice beasts
  A sky beast (D:6)
  13 orc warriors
  3 ogres
  4 black bears
  10 wolves
  2 centaurs
  4 phantoms
  14 bullfrogs
  A gnoll sergeant (D:9)
  2 scorpions
  4 wights (D:10)
  3 troll zombies (D:10)
  An electric eel (Lair:2)
  2 howler monkeys
  4 lava snakes (Lair:2)
  A quasit (D:7)
  5 hounds
  8 orc priests
  A wyvern simulacrum (D:9)
  2 gnoll boudas
  2 jellies
  Jessica (D:3)
  A sleepcap (D:5)
  An iguana (D:4)
  21 orc wizards
  A centaur simulacrum (D:9)
  4 ogre zombies (D:10)
  7 gnolls
  8 adders
  A shadow imp (D:6)
  2 white imps (D:9)
  2 howler monkey simulacra (D:9)
  3 ufetubi
  A worm (D:2)
  A dart slug (D:2)
  47 orcs
  4 bats
  7 endoplasms
  4 giant cockroaches
  6 goblins
  3 hobgoblins
  4 jackals (D:3)
  4 quokkas
  7 ball pythons
  3 frilled lizards
  2 goblin skeletons
  3 goblin zombies
  A hobgoblin skeleton (D:10)
  5 hobgoblin zombies
  7 kobolds
  A kobold zombie (D:7)
  5 orc skeletons
  12 orc zombies (D:10)
  A rat (D:2)
  A bush (Lair:2)
381 creatures vanquished.

Vanquished Creatures (collateral kills)
  A hydra (Lair:3)
  A skyshark (Lair:5)
  2 harpies (Shoals:1)
  2 lindwurms
  2 fauns (Shoals:1)
  2 elephants (Lair:4)
  A merfolk siren (Lair:2)
  A torpor snail (Lair:5)
  2 cane toads (Lair:4)
  2 komodo dragons
  A rime drake (Lair:2)
  A polar bear (Lair:4)
  A tyrant leech (Lair:5)
  A hornet (Lair:5)
  A blink frog (Lair:4)
  4 yaks
  A wyvern (D:10)
  2 orc warriors
  3 wolves
  2 bullfrogs
  A wight (D:10)
  An orc priest (Orc:2)
  5 orc wizards
  An ogre zombie (D:10)
  3 orcs
  A goblin skeleton (D:10)
  A goblin zombie (D:10)
  10 foxfires
56 creatures vanquished.

Vanquished Creatures (others)
  11 knights
  4 ancestors
  A bush (D:10)
  1158 foxfires
  22 fungi
  66 plants
1262 creatures vanquished.

Grand Total: 1699 creatures vanquished

Notes
Turn   | Place    | Note
-------+----------+-------------------------------------------
     0 | D:1      | Firecrotchwizard the Djinni Fire Elementalist began the
                  | quest for the Orb.
     0 | D:1      | Firecrotchwizard set off with the following spells
                  | memorised: Foxfire, Scorch, Kindle Blastsparks, Inner
                  | Flame, Flame Wave.
     0 | D:1      | Reached XP level 1. HP: 15/15 MP: 0/0
   346 | D:1      | Reached XP level 2. HP: 20/22 MP: 0/0
   357 | D:1      | Reached skill level 1 in Fighting
   589 | D:1      | Found a faded altar of an unknown god.
   753 | D:1      | Found Eclo's Armour Boutique.
   918 | D:2      | Reached XP level 3. HP: 24/28 MP: 0/0
   918 | D:2      | Learned a level 1 spell: Magic Dart
  1149 | D:2      | Reached skill level 2 in Fighting
  1149 | D:2      | Reached skill level 3 in Spellcasting
  1400 | D:2      | Reached XP level 4. HP: 30/33 MP: 0/0
  1499 | D:2      | Found a bloodstained altar of Trog.
  1749 | D:3      | Noticed Jessica
  1762 | D:3      | Killed Jessica
  1828 | D:3      | Found a transporter.
  1828 | D:3      | Found an iron altar of Okawaru.
  1828 | D:3      | Found a broken altar of Ashenzari.
  1829 | D:3      | Found a bloodstained altar of Trog.
  1829 | D:3      | Noticed a black bear
  1834 | D:3      | Found a transporter.
  1873 | D:3      | Reached XP level 5. HP: 37/40 MP: 0/0
  1873 | D:3      | Learned a level 2 spell: Blink
  2116 | D:3      | Reached skill level 3 in Fighting
  2393 | D:3      | Identified the +0 pair of gloves "Tybran" {rF+}
  2629 | D:4      | HP: 10/40 [something (4)]
  2634 | D:4      | HP: 7/40 [something (1)]
  2636 | D:4      | HP: 2/40 [something/magic dart (5)]
  2639 | D:4      | Reached XP level 6. HP: 1/47 MP: 0/0
  2844 | D:4      | Reached skill level 4 in Fighting
  2844 | D:4      | Reached skill level 4 in Spellcasting
  2980 | D:4      | Found a staircase to the Ecumenical Temple.
  2989 | Temple   | Entered the Ecumenical Temple
  3060 | D:4      | Noticed an ogre
  3063 | D:4      | Killed an ogre
  3068 | D:4      | Reached XP level 7. HP: 46/53 MP: 0/0
  3068 | D:4      | Learned a level 3 spell: Frozen Ramparts
  3253 | D:4      | Found a hide-covered altar of Uskayaw.
  3436 | D:5      | Entered Level 5 of the Dungeon
  3462 | D:5      | Identified a scroll of acquirement
  3465 | D:5      | Acquired a staff of fire
  3601 | D:5      | Reached skill level 5 in Fighting
  3660 | D:5      | Reached skill level 5 in Spellcasting
  3855 | D:5      | Reached XP level 8. HP: 54/61 MP: 0/0
  3965 | D:5      | Reached skill level 6 in Fighting
  4145 | D:5      | Found a transporter.
  4148 | D:5      | Noticed hgbash's ghost (novice OpCj)
  4150 | D:5      | Found a transporter.
  4151 | D:5      | Identified the +0 giant club "Cicsyng Obea" {freeze,
                  | Fragile rElec Int+2}
  4599 | D:1      | Bought a +1 helmet of see invisible for 231 gold pieces
  4831 | D:6      | Reached skill level 7 in Fighting
  4867 | D:6      | Reached skill level 6 in Spellcasting
  4874 | D:6      | Noticed Sigmund
  4881 | D:6      | Reached XP level 9. HP: 53/68 MP: 0/0
  4881 | D:6      | Learned a level 3 spell: Ignite Poison
  4883 | D:6      | Killed Sigmund
  5191 | D:6      | Reached skill level 8 in Fighting
  5385 | D:7      | Found a basalt altar of Yredelemnul.
  5667 | D:7      | Found a glowing golden altar of the Shining One.
  5694 | D:7      | Reached skill level 7 in Spellcasting
  5730 | D:7      | Found a hazy altar of Hepliaklqana.
  6021 | D:7      | Found a sacrificial altar of Ru.
  6021 | D:7      | Found an opulent altar of Gozag.
  6026 | D:7      | Found a blossoming altar of Fedhas.
  6028 | D:7      | Found a stormy altar of Qazlal.
  6029 | D:7      | Found a snail-covered altar of Cheibriados.
  6370 | D:7      | Became a worshipper of Hepliaklqana the Forgotten
  6520 | D:8      | Found a burning altar of Makhleb.
  6704 | D:8      | HP: 17/71 [cloud of flame (2)]
  6705 | D:8      | Reached skill level 9 in Fighting
  6705 | D:8      | Reached XP level 10. HP: 19/78 MP: 0/0
  6708 | D:8      | HP: 6/78 [centaur/arrow (6)]
  6708 | D:8      | HP: 2/78 [centaur/arrow (4)]
  6855 | D:8      | Reached skill level 8 in Spellcasting
  7093 | D:8      | Reached skill level 10 in Fighting
  7278 | D:8      | Found a glowing silver altar of Zin.
  7639 | D:9      | Found a glowing silver altar of Zin.
  7857 | D:9      | Reached * piety under Hepliaklqana
  8108 | D:9      | Found a sparkling altar of Nemelex Xobeh.
  8211 | D:9      | Noticed a wizard
  8310 | D:10     | Entered Level 10 of the Dungeon
  8319 | D:10     | Reached skill level 1 in Invocations
  8500 | D:10     | Reached skill level 2 in Invocations
  8621 | D:10     | Reached skill level 11 in Fighting
  8621 | D:10     | Reached XP level 11. HP: 70/78 MP: 0/0
  8621 | D:10     | Learned a level 4 spell: Animate Armour
  8687 | D:10     | Found Qiczik's Neck Hole.
  8717 | D:10     | Reached skill level 3 in Invocations
  8810 | D:10     | Reached skill level 4 in Invocations
  8986 | D:10     | Reached skill level 5 in Invocations
  9047 | D:10     | Found a staircase to the Lair.
  9169 | D:10     | Noticed Erolcha
  9181 | D:10     | Killed Erolcha
  9182 | D:10     | Reached skill level 12 in Fighting
  9271 | D:10     | Found a staircase to the Orcish Mines.
  9347 | D:10     | Reached skill level 6 in Invocations
  9693 | Lair:1   | Entered Level 1 of the Lair of Beasts
  9759 | Lair:1   | Noticed an eight-headed hydra
  9764 | Lair:1   | Killed an eight-headed hydra
  9850 | Lair:1   | Reached ** piety under Hepliaklqana
  9852 | Lair:1   | Remembered your ancestor Bojana as a knight
  9919 | Lair:1   | Reached skill level 7 in Invocations
 10213 | Lair:1   | Reached XP level 12. HP: 86/86 MP: 0/0
 10303 | Lair:1   | Found a blossoming altar of Fedhas.
 10568 | Lair:2   | Noticed a skyshark
 10575 | Lair:2   | Killed a skyshark
 10576 | Lair:2   | Reached skill level 13 in Fighting
 10660 | Lair:2   | Reached skill level 8 in Invocations
 10707 | Lair:2   | Found a staircase to the Shoals.
 10823 | Lair:2   | Found a staircase to the Snake Pit.
 10837 | Lair:2   | Reached skill level 9 in Invocations
 11022 | Lair:2   | Found a frozen archway.
 11055 | Lair:2   | Noticed a fire dragon
 11075 | Lair:2   | HP: 18/89 [fire dragon (13)]
 11301 | Lair:2   | Reached skill level 14 in Fighting
 11317 | Lair:2   | Reached *** piety under Hepliaklqana
 11351 | Lair:2   | Reached skill level 3 in Dodging
 11953 | Lair:3   | Noticed a seven-headed hydra
 11959 | Lair:3   | Killed a seven-headed hydra
 11966 | Lair:3   | Reached skill level 4 in Dodging
 12024 | Lair:3   | Reached **** piety under Hepliaklqana
 12142 | Lair:3   | Reached XP level 13. HP: 92/95 MP: 0/0
 12142 | Lair:3   | Learned a level 5 spell: Iskenderun's Battlesphere
 12395 | Lair:3   | Reached skill level 5 in Dodging
 12769 | Lair:4   | Noticed a six-headed hydra
 12859 | Lair:4   | Noticed a five-headed hydra
 12864 | Lair:4   | Killed a five-headed hydra
 12916 | Lair:4   | Reached skill level 10 in Invocations
 13002 | Lair:4   | You are sucked into a shaft and drop 1 floor!
 13002 | Lair:5   | Entered Level 5 of the Lair of Beasts
 13036 | Lair:5   | Noticed a catoblepas
 13083 | Lair:5   | Identified the +6 sling "Xiorop" {freeze, rC+ rN+ Dex-2}
 13182 | Lair:5   | Reached ***** piety under Hepliaklqana
 13192 | Lair:5   | Reached skill level 6 in Dodging
 13445 | Lair:5   | Reached skill level 15 in Fighting
 13520 | Lair:4   | Reached skill level 7 in Dodging
 13617 | Lair:4   | Found a viscous altar of Jiyva.
 13618 | Lair:4   | Found a staircase to the Slime Pits.
 13932 | Lair:4   | Reached skill level 11 in Invocations
 13940 | Lair:4   | Killed a six-headed hydra
 14129 | Lair:4   | Identified the +4 dagger of Dukic {venom, rF- rN+ Str-3
                  | Dex+5}
 14353 | Lair:5   | Killed a catoblepas
 14788 | Lair:5   | Reached skill level 8 in Dodging
 14788 | Lair:5   | Reached XP level 14. HP: 51/102 MP: 0/0
 15211 | Lair:5   | Found a runed translucent door.
 15252 | Lair:5   | Reached skill level 1 in Armour
 15266 | Lair:5   | HP: 16/102 [tyrant leech (16)]
 15469 | Lair:5   | Reached skill level 2 in Armour
 15521 | Lair:5   | Reached skill level 3 in Armour
 15647 | Lair:5   | Reached skill level 4 in Armour
 15986 | Orc:1    | Entered Level 1 of the Orcish Mines
 16569 | Orc:2    | Entered Level 2 of the Orcish Mines
 17121 | Orc:2    | Reached skill level 16 in Fighting
 17121 | Orc:2    | Reached skill level 12 in Invocations
 17198 | Orc:2    | Noticed an orc warlord
 17534 | Orc:2    | Found a staircase to the Elven Halls.
 17606 | Orc:2    | Found a runed translucent door.
 17609 | Orc:2    | Noticed Donald
 17724 | Shoals:1 | Entered Level 1 of the Shoals
 17736 | Shoals:1 | Reached skill level 1 in Shields
 18109 | Shoals:1 | Reached skill level 2 in Shields
 18319 | Shoals:1 | HP: 22/104 [snapping turtle (11)]
 18320 | Shoals:1 | HP: 9/104 [snapping turtle (7)]
 18321 | Shoals:1 | Killed from afar by a manticore

Illustrated notes

Levels and vault maps discovered:
D:1:      minmay_arrival_four_houses, layout_loops_ring, serial_shops,
          nicolae_lakefront_shop, shapermc_ecumenical_altar_mp_highgroup
D:2:      minmay_general_purpose_star, layout_loops_ring, basic_altar
D:3:      minmay_door_path, layout_rooms, gammafunk_temple_overflow_arena,
          uniq_jessica
D:4:      layout_gridville, overflow_temple_1_default,
          minmay_temple_entry_sparse_star, hangedman_feature_mirror
D:5:      layout_layer_cave, gammafunk_ghost_smash, minivault_19, minivault_25
D:6:      layout_cave_pools, uniq_sigmund
D:7:      layout_basic, amcnicky_altar_gilded, nicolae_tso_besieged_by_evil,
          nicolae_hepliaklqana_hazy_memory, nicolae_overflow_hallway_of_the_gods
D:8:      layout_basic, mainiacjoe_overflow_surrounded_room,
          minmay_ruined_shrine
D:9:      layout_rooms, mainiacjoe_overflow_paths,
          mainiacjoe_overflow_tiny_flanked, serial_ice, serial_ice_f,
          serial_ice_o, serial_ice_d, serial_ice_g, serial_ice_a, serial_ice_j,
          dreamdust_deal_with_the_devil, laboratory
D:10:     layout_loops_ring, minmay_lair_entry_grove, zombieorc2_lemuel,
          nicolae_shop_sticking_my_neck_out, uniq_erolcha
Temple:   hellmonk_temple_micro_hex
Lair:1:   layout_chaotic_city, hangedman_tree_tricks, lemuel_fruit_tree,
          serial_bayou_shore_b
Lair:2:   dragon1_lemuel, layout_layer_cave, elwin_shoals_entry_stream,
          nicolae_snake_entry_warm_welcome, portal_ice_cave_rime
Lair:3:   layout_cave_pods
Lair:4:   layout_misc_corridors, slime_entry_1, beast_lair_carwin_4
Lair:5:   wormcave, layout_regular_city, minmay_lindwurm_lava
Shoals:1: layout_shoals, serial_shops, nicolae_shop_statue_plus,
          nicolae_shoals_siren_and_animal_friends
Orc:1:    layout_caves, nicolae_orc_lost_temple
Orc:2:    kennysheep_orc_mage_school, layout_diamond_mine,
          ebering_ghost_inner_flame, basic_altar, lightli_church_of_beogh,
          uniq_donald

Skill      XL: |  1  2  3  4  5  6  7  8  9 10 11 12 13 14 |
---------------+-------------------------------------------+-----
Fighting       | 1 2 3 4 5 7 9 11 12 14 15 16 | 16.3
Spellcasting   | 3 4 5 6 7 8 |  8.6
Invocations    | 2 7 9 11 12 | 12.4
Dodging        | 4 8 |  8.7
Armour         | 4 |  4.3
Shields        | 2 |  2.7
Stealth        | |  1.5

Action                     |  1- 3 |  4- 6 |  7- 9 | 10-12 | 13-15 || total
---------------------------+-------+-------+-------+-------+-------++-------
  Melee: Spear             |     6 |     1 |       |       |       ||     7
         Dagger            |       |    14 |    11 |       |       ||    25
         Whip              |       |       |     6 |       |       ||     6
         Staff             |       |       |     2 |       |     5 ||     7
         Punch             |       |       |     1 |     1 |       ||     2
         Trident           |       |       |       |    22 |    26 ||    48
  Throw: Stone             |       |     5 |       |     1 |       ||     6
   Cast: Foxfire           |    36 |    51 |   142 |   253 |   193 ||   675
         Scorch            |     4 |    16 |    40 |   226 |   214 ||   500
         Magic Dart        |     9 |     2 |     8 |     7 |     5 ||    31
         Blink             |       |     1 |       |     2 |     3 ||     6
         Flame Wave        |       |       |     1 |     2 |     5 ||     8
         Inner Flame       |       |       |     1 |     4 |     2 ||     7
         Kindle Blastspark |       |       |       |     1 |       ||     1
         Animate Armour    |       |       |       |     1 |       ||     1
         Frozen Ramparts   |       |       |       |     1 |     1 ||     2
         Iskenderun's Batt |       |       |       |       |    18 ||    18
 Invoke: Ancestor Life: Kn |       |       |       |     1 |       ||     1
         Recall Ancestor   |       |       |       |       |     7 ||     7
         Idealise          |       |       |       |       |     2 ||     2
  Evoke: Wand              |       |     1 |     4 |     9 |    14 ||    28
    Use: Scroll            |       |       |    16 |     6 |     3 ||    25
         Potion            |       |       |       |     2 |     4 ||     6
 Armour: Robe              |     1 |     3 |    10 |     2 |    33 ||    49
         Troll leather arm |       |       |       |    30 |    40 ||    70
  Dodge: Dodged            |       |    19 |    31 |    50 |   152 ||   252
  Block: Other             |       |       |       |    17 |    35 ||    52
         Reflection        |       |       |       |     3 |    12 ||    15
         Buckler           |       |       |       |       |    27 ||    27

Table legend: (Time is in decaauts)
 A = Elapsed time spent in this place.
 B = Non-inter-level travel time spent in this place.
 C = Inter-level travel time spent in this place.
 D = Time resting spent in this place.
 E = Time spent auto-exploring this place.
 F = Levels seen in this place.
 G = Mean time per level.
                   A        B        C        D        E       F      G
               +--------+--------+--------+--------+--------+-----+--------+
         Total |  18381 |  17389 |    992 |   4228 |  10297 |  19 |  967.4 |
       Dungeon |  10030 |   9482 |    548 |   1736 |   6378 |  10 | 1003.0 |
        Temple |      1 |      1 |      0 |      0 |      0 |   1 |    1.0 |
          Lair |   6368 |   5964 |    404 |   1285 |   3582 |   5 | 1273.6 |
        Shoals |    596 |    596 |      0 |    451 |      0 |   1 |  596.0 |
  Orcish Mines |   1383 |   1345 |     38 |    756 |    337 |   2 |  691.5 |
               +--------+--------+--------+--------+--------+-----+--------+

Top non-repeatable levels by time:
  Lair:5: 2051 daAuts
    D:10: 1660 daAuts
  Lair:2: 1233 daAuts
  Lair:3: 1132 daAuts
     D:5: 1100 daAuts
     D:4: 1082 daAuts
     D:7: 1006 daAuts
     D:9: 997 daAuts
     D:8: 986 daAuts
  Lair:4: 981 daAuts
  Lair:1: 969 daAuts
     D:1: 909 daAuts
     D:2: 901 daAuts
   Orc:2: 898 daAuts
     D:3: 717 daAuts

Table legend:
 A = Kills in this place as a percentage of kills in the entire game.
 B = Kills by you in this place as a percentage of kills by you in the entire game.
 C = Kills by friends in this place as a percentage of kills by friends in the entire game.
 D = Other kills in this place as a percentage of other kills in the entire game.
 E = Experience gained in this place as a percentage of experience gained in the entire game.
 F = Experience gained in this place divided by the number of levels of this place that you have seen.
                   A       B       C       D       E      F
               +-------+-------+-------+-------+-------+----------------------
         Total | 100.0 | 100.0 | 100.0 |   N/A | 100.0 | 3428.9
       Dungeon |  59.9 |  64.7 |  19.6 |   N/A |  21.9 | 1428.5
          Lair |  27.5 |  24.2 |  54.3 |   N/A |  61.1 | 7967.2
        Shoals |   2.6 |   1.8 |   8.7 |   N/A |  10.9 | 7115.0
  Orcish Mines |  10.1 |   9.2 |  17.4 |   N/A |   6.0 | 1956.5
               +-------+-------+-------+-------+-------+----------------------
